 Dungeon Crawl Stone Soup version 0.31-a0-152-g6aa68a64a1 (webtiles) character file.

Game seed: 11207531295191281616

1767 qw the Cleaver (level 9, -2/55 HPs)
             Began as a Gargoyle Fighter on June 10, 2023.
             Was a Follower of Okawaru.
             Slain by Maggie
             ... wielding a +2 glaive of flaming
              (7 damage)
             ... on level 6 of the Dungeon.
             The game lasted 00:03:07 (6117 turns).

qw the Cleaver (Gargoyle Fighter)                   Turns: 6117, Time: 00:03:08

Health: -2/55      AC: 25    Str: 24    XL:     9   Next: 7%
Magic:  11/12      EV:  8    Int: 11    God:    Okawaru [*.....]
Gold:   240        SH:  5    Dex:  9    Spells: 8/8 levels left

rFire   . . .        Y - +1 war axe
rCold   . . .        c - +0 buckler
rNeg    + + .        q - +0 plate armour
rPois   inf          a - +1 helmet
rElec   +            b - +1 cloak "Geffa" {rPois rN+ Int+2}
rCorr   .            (no gloves)
SInv    .            (no boots)
Will    .....        (no amulet) Stlth
                     (no ring)
HPRegen 0.29/turn    (no ring)
MPRegen 0.13/turn

%: no passive effects
@: heroic, mesmerised
A: sickness immunity, AC +6, negative energy resistance 1, electricity
resistance, torment resistance 1, petrification resistance
a: Renounce Religion, Heroism


You were on level 6 of the Dungeon.
You worshipped Okawaru.
Okawaru was aware of your devotion.
You visited 2 branches of the dungeon, and saw 7 of its levels.

You collected 240 gold pieces.


Innate Abilities, Weirdness & Mutations

You are immune to sickness and miasma.
Your stone body is resilient. (AC +6)
You are immune to poison.
You resist negative energy. (rN+)
You are resistant to electric shocks. (rElec)
You are resistant to unholy torment.
You are immune to petrification.


   Skills:
 - Level 6.2(11.2) Fighting
 + Level 8.0(13.0) Axes
 - Level 1.0(6.0) Throwing
 - Level 5.0(10.0) Armour
 - Level 1.0(6.0) Dodging
 - Level 3.2(8.2) Shields
 - Level 4.0 Invocations


You had 8 spell levels left.
You didn't know any spells.
Your spell library was empty.

Inventory:

Hand Weapons
 o - a +0 flail
 Y - a +1 war axe (weapon)
Missiles
 i - 3 boomerangs (quivered)
Armour
 a - a +1 helmet (worn)
 b - the +1 cloak "Geffa" (worn) {rPois rN+ Int+2}
   (You acquired it on level 5 of the Dungeon)

   Int:       It affects your intelligence (+2).
   rPois:     It protects you from poison.
   rN:        It protects you from negative energy.
 c - a +0 buckler (worn)
 q - a +0 plate armour (worn)
Jewellery
 h - a ring of ice
 l - a ring of ice
Wands
 k - a wand of digging (6)
Scrolls
 j - 6 scrolls of identify
Potions
 d - a potion of might
 e - a potion of degeneration {unknown}
 f - 3 potions of curing
 g - a potion of attraction
 m - a potion of lignification
 p - a potion of mutation

Dungeon Overview and Level Annotations

Branches:
Dungeon (6/15)             Temple (1/1) D:4

Altars:
Ashenzari
Cheibriados
Dithmenos
Elyvilon
Fedhas
Gozag
Hepliaklqana
Kikubaaqudgha
Makhleb
Nemelex Xobeh
Okawaru
Qazlal
Ru
Sif Muna
Trog
Uskayaw
Vehumet
Xom
Yredelemnul
Zin
The Shining One

Shops:
D:6 *

Annotations:
D:2 1 runed translucent door, Crazy Yiuf
D:6 Maggie


Message History

Maggie gestures at you while chanting. The bolt of fire hits you!
Maggie hits you but does no damage.
You slash Maggie!
Maggie is lightly wounded.
Maggie casts a spell at you. The bolt of fire hits you!!
6109 ||| INVOKING Heroism.
You gain the combat prowess of a mighty hero.
Maggie hits you with a +2 glaive of flaming!
Maggie burns you.
You slash Maggie!
Maggie is moderately wounded.
Maggie mumbles some strange words.
Maggie attempts to bespell you!
You are mesmerised by Maggie!
You closely miss Maggie.
Maggie is moderately wounded.
Maggie barely misses you.
You hit Maggie.
Maggie is moderately wounded.
You slash Maggie!
Maggie is severely wounded.
Maggie hits you but does no damage.
You slash Maggie!
Maggie is severely wounded.
Maggie points at you and mumbles some strange words.
The bolt of fire hits you!
You barely miss Maggie.
Maggie is severely wounded.
Maggie casts a spell at you. The bolt of fire misses you.
You closely miss Maggie.
Maggie is severely wounded.
Maggie hits you with a +2 glaive of flaming.
Maggie burns you.
You hit Maggie but do no damage.
Maggie is severely wounded.
Maggie hits you with a +2 glaive of flaming!
You die...

######### #.......#
#.......# .?
#.......###..#
#####...........#
#...........######..
#...........@@...$..
....
#...........######..
....## #####.....).#
#.... #....[).##
#.### #........###
#.# ######.#...##
#.# #..##..## #.#
##..##..### ##.#
##.###...# #..#


You could see Maggie (mesmerising).

Vanquished Creatures
  Edmund (D:6)
  Duvessa (D:6)
  A water moccasin (D:5)
  2 black bears
  4 phantoms
  A scorpion (D:6)
  A bullfrog (D:6)
  Dowan (D:6)
  2 jellies
  2 howler monkeys
  3 hounds
  An orc priest (D:6)
  4 iguanas
  A sleepcap (D:6)
  Jessica (D:2)
  Natasha (thrice) (D:2)
  3 orc wizards
  Robin (D:2)
  3 gnolls (D:5)
  8 adders
  A shadow imp (D:6)
  An ufetubus (D:5)
  2 worms
  2 dart slugs
  14 orcs
  3 endoplasms
  3 giant cockroaches
  14 goblins
  12 hobgoblins
  5 kobolds
  3 quokkas
  7 ball pythons
  5 bats
  6 frilled lizards
  4 rats
126 creatures vanquished.

Notes
Turn   | Place    | Note
-------+----------+-------------------------------------------
     0 | D:1      | qw the Gargoyle Fighter began the quest for the Orb.
     0 | D:1      | Reached XP level 1. HP: 14/14 MP: 1/1
     0 | D:1      | 0 ||| qw: Version: 0.2-a-123-gb51047a
     0 | D:1      | 0 ||| qw: Game counter: 3763
     0 | D:1      | 0 ||| qw: Always use a shield: true
     0 | D:1      | 0 ||| qw: God list: Okawaru
     0 | D:1      | 0 ||| qw: Allow faded altars: false
     0 | D:1      | 0 ||| qw: Do Orc after D:15 true
     0 | D:1      | 0 ||| qw: Do second Lair branch before Depths: true
     0 | D:1      | 0 ||| qw: Lair rune preference: random
     0 | D:1      | 0 ||| qw: Plans: Normal, Zot:1-4, Slime:5, God:TSO, Crypt,
                  | Tomb, Abyss, Pan, Hells, Win
     0 | D:1      | 0 ||| PLANNING D:1-11
    48 | D:1      | Reached skill level 2 in Axes
   174 | D:1      | 174 ||| Stepping ~*~*~tactically~*~*~ (hiding).
   180 | D:1      | Reached XP level 2. HP: 19/19 MP: 2/2
   348 | D:1      | 348 ||| FLEEEEING.
   475 | D:1      | 475 ||| Stepping ~*~*~tactically~*~*~ (stealth).
   548 | D:1      | Reached skill level 3 in Axes
   576 | D:1      | Reached XP level 3. HP: 23/23 MP: 3/3
   709 | D:1      | 709 ||| UPGRADING to +0 cloak.
   714 | D:1      | 714 ||| DROPPING ring of flight.
   715 | D:1      | 715 ||| READING scroll labelled TUSSEJ YCOV.
   799 | D:2      | Noticed Robin
   813 | D:2      | HP: 4/23 [Robin/+0 spear (3)]
   814 | D:2      | Killed Robin
  1132 | D:2      | 1132 ||| Stepping ~*~*~tactically~*~*~ (stealth).
  1219 | D:2      | Reached XP level 4. HP: 28/28 MP: 4/4
  1255 | D:2      | Noticed Natasha
  1256 | D:2      | 1256 ||| UPGRADING to +1 helmet.
  1261 | D:2      | 1261 ||| DROPPING +2 hat.
  1265 | D:2      | 1265 ||| READING 5 scrolls labelled TYONGUO KYABB.
  1266 | D:2      | 1266 ||| READING scroll labelled NUL BYZOOGAUW.
  1267 | D:2      | 1267 ||| READING scroll labelled XYXTATR DA DUPP.
  1268 | D:2      | 1268 ||| READING 4 scrolls of identify.
  1268 | D:2      | 1268 ||| IDENTIFYING sedimented golden potion
  1269 | D:2      | 1269 ||| READING 3 scrolls of identify.
  1269 | D:2      | 1269 ||| IDENTIFYING inky potion
  1270 | D:2      | 1270 ||| READING 2 scrolls of identify.
  1270 | D:2      | 1270 ||| IDENTIFYING bubbling inky potion
  1271 | D:2      | 1271 ||| FLEEEEING.
  1272 | D:2      | 1272 ||| FLEEEEING.
  1338 | D:2      | Noticed Jessica
  1342 | D:2      | Killed Jessica
  1343 | D:2      | Reached skill level 4 in Axes
  1359 | D:2      | Found a runed translucent door.
  1360 | D:2      | Noticed Crazy Yiuf
  1471 | D:2      | Killed Natasha
  1620 | D:2      | 1620 ||| DROPPING potion of invisibility.
  1685 | D:2      | Noticed Natasha
  1686 | D:2      | 1686 ||| Stepping ~*~*~tactically~*~*~ (stealth).
  1687 | D:2      | 1687 ||| Stepping ~*~*~tactically~*~*~ (stealth).
  1696 | D:2      | Killed Natasha
  1697 | D:2      | Reached XP level 5. HP: 32/32 MP: 5/5
  1928 | D:2      | Noticed Natasha
  1935 | D:2      | Killed Natasha
  1936 | D:2      | Reached skill level 5 in Axes
  2122 | D:2      | 2122 ||| DRINKING 3 orange potions.
  2123 | D:2      | 2123 ||| DROPPING 2 potions of enlightenment.
  2124 | D:2      | 2124 ||| DROPPING potion of ambrosia.
  2374 | D:3      | 2374 ||| Stepping ~*~*~tactically~*~*~ (stealth).
  2513 | D:3      | 2513 ||| Stepping ~*~*~tactically~*~*~ (stealth).
  2532 | D:3      | Reached XP level 6. HP: 23/39 MP: 6/6
  2646 | D:3      | 2646 ||| Stepping ~*~*~tactically~*~*~ (stealth).
  2647 | D:3      | 2647 ||| Stepping ~*~*~tactically~*~*~ (stealth).
  2914 | D:3      | 2914 ||| Stepping ~*~*~tactically~*~*~ (hiding).
  2915 | D:3      | 2915 ||| Stepping ~*~*~tactically~*~*~ (hiding).
  3084 | D:3      | Reached skill level 1 in Dodging
  3129 | D:3      | 3129 ||| READING scroll labelled JEVIAT LI RITH.
  3130 | D:3      | 3130 ||| READING 2 scrolls of identify.
  3130 | D:3      | 3130 ||| IDENTIFYING purple potion
  3252 | D:4      | Found a bloodstained altar of Trog.
  3324 | D:4      | Noticed a black bear
  3333 | D:4      | Killed a black bear
  3423 | D:4      | 3423 ||| Stepping ~*~*~tactically~*~*~ (stealth).
  3431 | D:4      | Reached skill level 6 in Axes
  3431 | D:4      | Reached XP level 7. HP: 44/44 MP: 7/7
  3505 | D:4      | Found an opulent altar of Gozag.
  3648 | D:4      | 3648 ||| DRINKING 3 potions of curing.
  3648 | D:4      | 3648 ||| (to cure confusion)
  3731 | D:4      | Found a staircase to the Ecumenical Temple.
  3732 | D:4      | 3732 ||| PLANNING TEMPLE
  3732 | D:4      | 3732 ||| READING scroll labelled VOUTHR FUOS.
  3733 | D:4      | 3733 ||| READING scroll labelled ENUUCSOHID.
  3734 | D:4      | 3734 ||| DRINKING 2 clear potions.
  3787 | Temple   | Entered the Ecumenical Temple
  3853 | Temple   | 3853 ||| PLANNING OKAWARU WORSHIP
  4084 | Temple   | Became a worshipper of Warmaster Okawaru
  4084 | Temple   | 4084 ||| PLANNING D:1-11
  4193 | D:4      | Found a hide-covered altar of Uskayaw.
  4255 | D:5      | Entered Level 5 of the Dungeon
  4286 | D:5      | Reached skill level 7 in Axes
  4669 | D:5      | Reached XP level 8. HP: 45/50 MP: 8/8
  4821 | D:5      | 4821 ||| Stepping ~*~*~tactically~*~*~ (stealth).
  4829 | D:5      | 4829 ||| Stepping ~*~*~tactically~*~*~ (stealth).
  4897 | D:5      | Reached * piety under Okawaru
  5121 | D:5      | 5121 ||| INVOKING Heroism.
  5226 | D:5      | 5226 ||| UPGRADING to +0 plate armour.
  5236 | D:5      | 5236 ||| DROPPING +0 scale mail.
  5237 | D:5      | 5237 ||| READING scroll labelled FYPEEKHL HOKK.
  5237 | D:5      | Identified a scroll of acquirement
  5237 | D:5      | 5237 ||| ACQUIRING +1 cloak "Geffa" {rPois rN+ Int+2}
  5237 | D:5      | Acquired the +1 cloak "Geffa" {rPois rN+ Int+2}
  5239 | D:5      | 5239 ||| UPGRADING to +1 cloak "Geffa" {rPois rN+ Int+2}.
  5249 | D:5      | 5249 ||| DROPPING +0 cloak.
  5250 | D:5      | 5250 ||| READING scroll labelled NODAOS XOSOVVO.
  5281 | D:5      | 5281 ||| READING 3 scrolls of identify.
  5281 | D:5      | 5281 ||| IDENTIFYING fizzy coppery potion
  5333 | D:6      | 5333 ||| DROPPING +0 whip.
  5339 | D:6      | Found Ruheoqesaxo's Gadget Gallery.
  5356 | D:6      | 5356 ||| Stepping ~*~*~tactically~*~*~ (hiding).
  5465 | D:6      | 5465 ||| Stepping ~*~*~tactically~*~*~ (stealth).
  5467 | D:6      | 5467 ||| Stepping ~*~*~tactically~*~*~ (stealth).
  5489 | D:6      | Reached skill level 1 in Invocations
  5492 | D:6      | Reached skill level 1 in Throwing
  5499 | D:6      | 5499 ||| DROPPING +0 mace.
  5522 | D:6      | Noticed Edmund
  5523 | D:6      | 5523 ||| INVOKING Heroism.
  5538 | D:6      | 5538 ||| INVOKING Heroism.
  5539 | D:6      | Killed Edmund
  5613 | D:6      | Found a sparkling altar of Nemelex Xobeh.
  5728 | D:6      | Reached skill level 8 in Axes
  5731 | D:6      | 5731 ||| FLEEEEING.
  5732 | D:6      | 5732 ||| FLEEEEING.
  5733 | D:6      | 5733 ||| FLEEEEING.
  5734 | D:6      | 5734 ||| STAIRDANCE
  5737 | D:5      | Reached skill level 3 in Invocations
  5763 | D:5      | 5763 ||| DROPPING orb of energy.
  5764 | D:5      | 5764 ||| READING scroll labelled QESTRY MUDUB.
  5971 | D:6      | Noticed Dowan
  5972 | D:6      | 5972 ||| INVOKING Heroism.
  5975 | D:6      | Noticed Duvessa
  5982 | D:6      | Killed Dowan
  5991 | D:6      | 5991 ||| INVOKING Heroism.
  5996 | D:6      | Reached XP level 9. HP: 28/54 MP: 8/12
  5998 | D:6      | Killed Duvessa
  5999 | D:6      | Reached skill level 6 in Fighting
  6100 | D:6      | Noticed Maggie
  6101 | D:6      | 6101 ||| Stepping ~*~*~tactically~*~*~ (hiding).
  6102 | D:6      | 6102 ||| Stepping ~*~*~tactically~*~*~ (hiding).
  6109 | D:6      | 6109 ||| INVOKING Heroism.
  6114 | D:6      | HP: 7/55 [Maggie/bolt of fire (9)]
  6117 | D:6      | Slain by Maggie

Levels and vault maps discovered:
D:1:      spicycebolla_arrival_xxxplode, layout_basic, roderic_roman_lattice
D:2:      layout_basic, serial_rivers, chequers_serial_rivers_room_a,
          chequers_serial_rivers_small_b, chequers_serial_rivers_micro_e,
          chequers_serial_rivers_large_a, uniq_natasha, uniq_crazy_yiuf_cottage,
          uniq_robin, uniq_jessica
D:3:      layout_basic
D:4:      layout_loops_cross, grunt_gozag_statues, nicolae_uskayaw_suspiria,
          kennysheep_mini_moat, temple_fountains
D:5:      layout_basic
D:6:      layout_rooms, mainiacjoe_overflow_six_doors_small, serial_shops, shop,
          nicolae_shop_gadgets, uniq_edmund, uniq_duvessa, uniq_maggie
Temple:   minmay_temple_bridge_d

Skill      XL: |  1  2  3  4  5  6  7  8  9 |
---------------+----------------------------+-----
Axes           | 2 3 4 5 6 7 8 |  8.0
Fighting       | 4 5 6 |  6.2
Dodging        | 1 |  1.0
Armour         | 5 |  5.0
Invocations    | 4 |  4.0
Throwing       | 1 |  1.0
Shields        | |  3.2

Action                     |  1- 3 |  4- 6 |  7- 9 || total
---------------------------+-------+-------+-------++-------
  Melee: War axe           |   116 |   140 |   250 ||   506
  Throw: Boomerang         |       |       |    14 ||    14
 Invoke: Heroism           |       |       |     6 ||     6
    Use: Scroll            |     1 |     8 |     6 ||    15
         Potion            |       |     1 |     2 ||     3
 Armour: Scale mail        |    70 |    63 |    67 ||   200
         Plate armour      |       |       |    83 ||    83
  Dodge: Dodged            |    66 |    69 |    86 ||   221
  Block: Buckler           |    24 |    28 |    40 ||    92

Table legend:
 A = Non-vault XP
 B = Vault XP
 C = Vault XP percentage of total XP
 D = Non-vault monster count
 E = Vault monster count
 F = Vault count percentage of total count
                 A         B        C        D         E       F
            +---------+---------+-------+---------+---------+-------
      Total |    2044 |     481 |  19.0 |     109 |      17 |  13.5
            +---------+---------+-------+---------+---------+-------
        D:1 |      35 |       0 |   0.0 |      21 |       0 |   0.0
        D:2 |      88 |     109 |  55.3 |      12 |      14 |  53.8
        D:3 |     161 |       0 |   0.0 |      22 |       0 |   0.0
        D:4 |     434 |       0 |   0.0 |      21 |       0 |   0.0
        D:5 |     632 |       0 |   0.0 |      14 |       0 |   0.0
        D:6 |     694 |     372 |  34.9 |      19 |       3 |  13.6
            +---------+---------+-------+---------+---------+-------
